 Dungeon Crawl Stone Soup version 0.26-a0-668-gd58323b419 (webtiles) character file.

Game seed: 2653671493573644387

294 somkeydreadnuts the Digger (level 6, 0/32 HPs)
             Began as a Gargoyle Earth Elementalist on Oct 18, 2020.
             Killed from afar by an orc wizard (5 damage)
             ... with a puff of flame
             ... on level 4 of the Dungeon on Oct 19, 2020.
             The game lasted 00:18:32 (3827 turns).

somkeydreadnuts the Digger (GrEE)                   Turns: 3827, Time: 00:18:33

Health: 0/32       AC: 10    Str: 12    XL:     6   Next: 34%
Magic:  10/12      EV: 12    Int: 17    God:
Gold:   32         SH:  0    Dex: 10    Spells: 12/13 levels left

rFire    + . .     SeeInvis .   y - +3 hand axe
rCold    + . .     Faith    .   (no shield)
rNeg     + . .     Spirit   .   u - +2 robe {MR+}
rPois    ∞         Reflect  .   f - +0 helmet
rElec    +         Harm     .   (no cloak)
rCorr    +         Rampage  .   r - +0 pair of gloves
MR       +....                  (no boots)
Stlth    ++........             (no amulet)
HPRegen  0.10/turn              z - ring of flight
MPRegen  0.13/turn              (no ring)

@: resistant
A: negative energy resistance 1, electricity resistance, unbreathing,
petrification resistance, rot immunity, AC +4
a: Evoke Flight


You were on level 4 of the Dungeon.
You visited 1 branch of the dungeon, and saw 6 of its levels.

You collected 74 gold pieces.
You spent 42 gold pieces at shops.

Inventory:

Hand Weapons
 a - a +0 club
 y - a +3 hand axe (weapon)
Missiles
 b - 79 stones (quivered)
Armour
 c - a +0 robe
 f - a +0 helmet (worn)
 r - a +0 pair of gloves (worn)
 u - a +2 robe of magic resistance (worn)
Jewellery
 z - a ring of flight (left hand)
Wands
 w - a wand of acid (12)
Scrolls
 e - 3 scrolls of remove curse {unknown}
 g - 8 scrolls of identify {unknown}
 j - 3 scrolls of blinking {unknown}
 k - 3 scrolls of teleportation {unknown}
 l - a scroll of immolation {unknown}
 n - a scroll of amnesia {unknown}
 o - a scroll of fog {unknown}
 t - 2 scrolls of magic mapping
Potions
 d - 2 potions of magic {unknown}
 h - 2 potions of resistance
 i - a potion of flight {unknown}
 m - 5 potions of brilliance {unknown}
 p - a potion of curing {unknown}
 q - a potion of haste {unknown}
 s - a potion of mutation {unknown}
 v - a potion of berserk rage {unknown}
 x - a potion of might {unknown}


   Skills:
 - Level 0.2 Maces & Flails
 - Level 3.0 Dodging
 - Level 2.2 Stealth
 - Level 4.1 Spellcasting
   Level 0.7 Transmutations
 * Level 5.4 Earth Magic


You had 12 spell levels left.
You knew the following spells:

 Your Spells              Type           Power        Failure   Level
a - Sandblast             Erth           ###...       1%          1

Your spell library contained the following spells:

 Spells                   Type           Power        Failure   Level
 Passwall                 Tmut/Erth      ##......     7%          2
 Stone Arrow              Conj/Erth      ##....       16%         3
 Petrify                  Tmut/Erth      ##......     41%         4
 Lee's Rapid Deconstruct  Erth           ###.......   41%         5


Dungeon Overview and Level Annotations

Branches:
Dungeon (6/15)
 Temple: D:4-7

Altars:
Ashenzari
Hepliaklqana
Makhleb
Ru
Trog
Uskayaw
Xom
The Shining One

Shops:
D:6 ?


Innate Abilities, Weirdness & Mutations

You are resistant to torment.
Your stone body is resilient. (AC +4)
You are immune to poison.
You resist negative energy. (rN+)
You are resistant to electric shocks. (rElec)
You can survive without breathing.
You are immune to petrification.
You are immune to rotting.


Message History

The orc priest looks satisfied for a moment.
Your magical contamination has completely faded away.
The orc wizard looks encouraged for a moment. x2
Casting: Sandblast (safe; 1% risk of failure)
Confirm with . or Enter, or press ? or * to list all spells.
Aiming: Sandblast (safe; 1% risk of failure)
Press: ? - help, Shift-Dir - straight line, f/p - orc wizard
Aim: an orc wizard, wielding a +0 dagger and wearing a +0 robe (moderately wounded, fast)
The blast of sand hits the orc wizard!
The orc wizard is severely wounded.
b - 79 stones The orc wizard looks braver for a moment.
The orc wizard casts a spell at you. The magic dart hits you.
* * * LOW HITPOINT WARNING * * *
It was a potion of resistance.
You feel protected.
The orc wizard gestures at you while chanting.
The puff of flame hits you. You resist.
You die...

##.........#
#<..##.....#
#.#.##.....#
#...##.....#
##.....###.#
#.#.### #.#
#.#.# #.###
.#.# #...#
^# ###@# #o#
#o# #o###
#...# #.#.#
###.#.#
#.._..#
#.#.###


You could see 2 orc priests and an orc wizard (fast).

Vanquished Creatures
  A phantom (D:6)
  2 orc wizards
  A worker ant (D:6)
  3 adders
  An ooze (D:4)
  An adder skeleton (D:4)
  2 worms
  3 leopard geckos
  11 orcs
  3 ball pythons
  6 giant cockroaches
  10 goblins
  9 hobgoblins
  2 quokkas
  7 bats
  5 frilled lizards
  10 kobolds
  9 rats
86 creatures vanquished.

Notes
Turn   | Place    | Note
-------+----------+-------------------------------------------
     0 | D:1      | somkeydreadnuts the Gargoyle Earth Elementalist began the
                  | quest for the Orb.
     0 | D:1      | Reached XP level 1. HP: 10/10 MP: 3/3
     6 | D:1      | Noticed a killer bee
     6 | D:1      | Noticed a lindwurm
     6 | D:1      | Noticed a snapping turtle
    12 | D:1      | Noticed a polar bear
    12 | D:1      | Noticed a rime drake
   232 | D:1      | Reached skill level 4 in Earth Magic
   243 | D:1      | Reached XP level 2. HP: 11/15 MP: 1/5
   398 | D:1      | Found a glowing golden altar of the Shining One.
   695 | D:1      | Reached XP level 3. HP: 19/19 MP: 3/6
  1544 | D:2      | Reached XP level 4. HP: 24/24 MP: 4/7
  1607 | D:2      | Found a sacrificial altar of Ru.
  2014 | D:2      | Found a faded altar of an unknown god.
  2014 | D:2      | Found a glowing golden altar of the Shining One.
  2022 | D:2      | Found a hazy altar of Hepliaklqana.
  2027 | D:2      | Found a bloodstained altar of Trog.
  2029 | D:2      | Found a faded altar of an unknown god.
  2273 | D:3      | Found a hide-covered altar of Uskayaw.
  2281 | D:3      | Noticed a +0 dagger
  2281 | D:3      | Noticed a +0 dagger
  2907 | D:3      | Reached XP level 5. HP: 22/28 MP: 0/9
  3131 | D:3      | Found a shimmering altar of Xom.
  3143 | D:3      | You fall into a shaft and drop 3 floors!
  3143 | D:6      | Found a burning altar of Makhleb.
  3143 | D:6      | Noticed a phantom
  3147 | D:6      | Killed a phantom
  3189 | D:6      | Found Xeapye's Magic Scroll Boutique.
  3201 | D:6      | Bought a scroll of magic mapping for 42 gold pieces
  3344 | D:6      | Reached XP level 6. HP: 28/32 MP: 4/12
  3394 | D:5      | Entered Level 5 of the Dungeon
  3463 | D:5      | Reached skill level 5 in Earth Magic
  3469 | D:5      | Noticed a black bear
  3804 | D:4      | Found a broken altar of Ashenzari.
  3827 | D:4      | Killed from afar by an orc wizard

Illustrated notes

Levels and vault maps discovered:
D:1:      onia_arrival_zoo_common, layout_loops_ring, tso_metal_star
D:2:      layout_loops_ring, chequers_temple_overflow_minitemple,
          nicolae_ru_sacrificial_ziggurat, kennysheep_minor_cross, minmay_puff
D:3:      layout_loops_ring, dancing_weapons_uskayaw, tgw_xom
D:4:      layout_loops_ring, ashenzari_altar_1
D:5:      layout_basic, elyvilon_altar_1, minmay_temple_entry_stoned_glass,
          serial_shops, nicolae_shop_stone
D:6:      layout_basic, kennysheep_little_box, nicolae_qazlal_general_emergency,
          serial_shops, shop

Skill      XL: |  1  2  3  4  5  6 |
---------------+-------------------+-----
Earth Magic    | 4 5 |  5.4
Dodging        | 2 3 |  3.0
Spellcasting   | 3 4 |  4.1
Maces & Flails | |  0.2
Stealth        | |  2.2
Transmutations | |  0.7

Action                   |  1- 3 |  4- 6 || total
-------------------------+-------+-------++-------
Melee: Club              |    44 |    18 ||    62
       Unarmed           |     2 |       ||     2
       Hand axe          |       |    15 ||    15
Throw: Stone             |       |     1 ||     1
 Cast: Sandblast         |    44 |    81 ||   125
  Use: Potion            |       |     1 ||     1
 Stab: Sleeping          |       |     1 ||     1
Armor: Robe              |    23 |    18 ||    41
Dodge: Dodged            |    31 |    43 ||    74

Table legend: (Time is in decaauts)
 A = Elapsed time spent in this place.
 B = Non-inter-level travel time spent in this place.
 C = Inter-level travel time spent in this place.
 D = Time resting spent in this place.
 E = Time spent auto-exploring this place.
 F = Levels seen in this place.
 G = Mean time per level.
                   A        B        C        D        E       F      G
               +--------+--------+--------+--------+--------+-----+--------+
         Total |   3849 |   3805 |     44 |      0 |   2326 |   6 |  641.5 |
       Dungeon |   3849 |   3805 |     44 |      0 |   2326 |   6 |  641.5 |
               +--------+--------+--------+--------+--------+-----+--------+

Top non-repeatable levels by time:
     D:2: 1179 daAuts
     D:1: 1097 daAuts
     D:3: 1016 daAuts
     D:6: 250 daAuts
     D:4: 226 daAuts
     D:5: 79 daAuts
